[Event "*** Titled Tuesday Blitz AM"]
[Site "Chess.com"]
[Date "2020.01.07"]
[Round "3"]
[White "Jabberwockiez"]
[Black "Azatic"]
[Result "1-0"]
[WhiteElo "2274"]
[BlackElo "2559"]
[TimeControl "180+2"]
[EndTime "9:38:18 PST"]
[Termination "Jabberwockiez won by resignation"]

1. e4 c5 2. Nc3 e6 3. Nf3 a6 4. d4 cxd4 5. Nxd4 Qc7 6. Bd3 Nc6 7. Nxc6 bxc6 8. O-O d5 9. Bg5 Be7 10. Qd2 h6 11. Bxe7 Nxe7 12. f4 Bb7 13. Kh1 c5 14.
exd5 Nxd5 15. Nxd5 Bxd5 16. f5 c4 17. fxe6 Bxe6 18. Be4 Rd8 19. Qb4 Qd6 20. Qa4+ Ke7 21. c3 Rb8 22. Rad1 Qc5 23. Qxa6 Rxb2 24. Rb1 Rxb1 25. Rxb1 Rd8 26. a4 Qe3 27. Qb7+ Kf8 28. a5 Qd2 29. Bf3 Bf5 30. Rg1 Rd7 31. Qb8+ Ke7 32. a6 Qe3 33. Qb4+ Kf6 34. Ra1 Qa7 35.
Qb5 g5 36. Qc6+ Kg7 37. Qxc4 Rd6 38. h3 h5 39. Bd5 g4 40. Bxf7 gxh3 41. Kh2 Rf6 42.
Bd5 Qb8+ 43. Kh1 hxg2+ 44. Bxg2 Be6 45. Qd4 Qb2 46. Rf1 Bf5 47. Rxf5 Qb1+ 48. Rf1 Kg8 49. Qxf6 1-0

[Event "*** Titled Tuesday Blitz AM"]
[Site "Chess.com"]
[Date "2020.01.07"]
[Round "3"]
[White "Firouzja2003"]
[Black "Peroncio"]
[Result "1/2-1/2"]
[WhiteElo "3084"]
[BlackElo "2752"]
[TimeControl "180+2"]
[EndTime "9:38:21 PST"]
[Termination "Game drawn by repetition"]

1. Nf3 Nf6 2. g3 g6 3. Bg2 Bg7 4. O-O O-O 5. c4 d6 6. Nc3 e5 7. d4 Nbd7 8. e4 exd4 9. Nxd4 Re8 10. Be3 Nc5 11. f3 a5 12. Qd2 c6 13. Rad1 Qc7 14.
b3 h5 15. Nde2 Bf8 16. Kh1 Be6 17. Bg5 Nh7 18. Bf4 Rad8 19. Nd4 Bc8 20. h3 Qe7 21.
Rfe1 Bg7 22. Be3 Qc7 23. f4 Nf6 24. Bf2 Re7 25. Nc2 Ree8 26. Nd4 Re7 27. Qc2 Ree8 28.
a3 Bh6 29. b4 axb4 30. axb4 Na6 31. b5 Nb4 32. Qb3 c5 33. Nf3 b6 34. Ng5 Bb7 35. Qb2 Bg7 36. Qb1 Nh7 37. Nd5 Nxd5 38. exd5 Nxg5 39. fxg5 Be5 40. Re3 Qe7 41. h4 Bc8 42.
Rde1 Bg4 43. Kh2 Qd7 44. Qd3 Ra8 45. Kg1 Ra2 46. Bf3 Bxf3 47. Rxf3 Rxf2 48. Kxf2 Bd4+ 49. Kf1 Rxe1+ 50. Kxe1 Qa7 51. Rf4 Qa1+ 52. Ke2 Qa2+ 53. Kd1 Qa1+ 54. Kd2 Qa2+ 55. Kd1 Qa1+ 56. Ke2 Qa2+ 57. Kf1 Qa1+ 58. Ke2 1/2-1/2

[Event "*** Titled Tuesday Blitz AM"]
[Site "Chess.com"]
[Date "2020.01.07"]
[Round "3"]
[White "ALeks_Ivlev"]
[Black "JozefKneht"]
[Result "0-1"]
[WhiteElo "2599"]
[BlackElo "2404"]
[TimeControl "180+2"]
[EndTime "9:38:23 PST"]
[Termination "JozefKneht won by resignation"]

1. d4 d5 2. c4 e6 3. Nf3 Nf6 4. g3 dxc4 5. Bg2 a6 6. O-O Nc6 7. a4 Rb8 8. Ne5 Nxd4 9. e3 Nb3 10.
Ra2 Qxd1 11. Rxd1 Nd5 12. Nxc4 Nb4 13. Ra3 Nxc1 14. Rxc1 Be7 15. Nbd2 O-O 16. Na5 c6 17. Ndc4 Rd8 18. Rb3 Bd7 19. h4 Be8 20. Be4 b6 21. Rxb4 Bxb4 22. Nb3 f6 23. Nd4 Kf7 24. Bxc6 Bc5 25. Bxe8+ Rxe8 26. Nb3 Bb4 27. Nd4 Rec8 28. Rc2 b5 29. axb5 axb5 30. Nc6 Rxc6 31. Ne5+ fxe5 32.
Rxc6 Rb7 33. h5 h6 34. Kg2 Kf6 35. Kf3 Be7 36. Ke4 b4 37. f4 exf4 38. gxf4 Rb5 39.
b3 Rxh5 40. Rb6 Rh1 41. f5 Rh4+ 42. Kd3 Kxf5 43. Rb7 Kf6 44. Ra7 Rh1 45. Ke4 h5 46. Ra5 g5 47. Ra8 g4 48. Rh8 Bd6 49. Rh6+ Kf7 50.
Rh7+ Kg6 51. Rd7 Bg3 52. Rb7 Be1 53. Rb8 Bc3 54. Kf4 Rf1+ 55. Kg3 Rf3+ 56. Kg2 Rxe3 57. Rb6 h4 58. Rb8 h3+ 59. Kf2 Rf3+ 60. Kg1 h2+ 61. Kxh2 Be5+ 62. Kh1 Bxb8 0-1

[Event "*** Titled Tuesday Blitz AM"]
[Site "Chess.com"]
[Date "2020.01.07"]
[Round "3"]
[White "MasterKroket"]
[Black "HovmoellerHest"]
[Result "0-1"]
[WhiteElo "2394"]
[BlackElo "2327"]
[TimeControl "180+2"]
[EndTime "9:38:33 PST"]
[Termination "HovmoellerHest won on time"]

1. d4 Nf6 2. c4 e6 3. Nf3 Bb4+ 4. Bd2 Qe7 5. Qc2 d5 6. g3 O-O 7. Bg2 b6 8. cxd5 exd5 9. O-O Bd6 10. Nc3 c6 11. Rfe1 Re8 12. a3 a5 13. Bf4 Bxf4 14.
gxf4 Qd6 15. Ne5 Nbd7 16. Rac1 Bb7 17. e3 Rac8 18. Bh3 Rc7 19. Na4 c5 20. Bxd7 Nxd7 21. Qf5 Nxe5 22. fxe5 Qc6 23. Nc3 c4 24. Ne2 Bc8 25.
Qg5 Qg6 26. h4 Bf5 27. Nf4 Qxg5+ 28. hxg5 Be4 29. Kh2 b5 30. Kg3 Rd7 31. f3 Bg6 32. Rh1 Kf8 33. Rh2 Ke7 34. b3 Rb8 35. Rb2 Rbb7 36. bxc4 dxc4 37. d5 Bd3 38. d6+ Kd8 39. Nxd3 cxd3 40. Rc3 f6 41. f4 fxe5 42. fxe5 Rf7 43.
Rxd3 Kd7 44. Rd5 Ke6 45. Rdxb5 Rxb5 46. Rxb5 Ra7 47. Kf4 h5 48. gxh6 gxh6 49. Rc5 a4 50. Rc7 Ra5 51. Re7+ Kd5 52. d7 Ra8 53. e6 h5 0-1

[Event "*** Titled Tuesday Blitz AM"]
[Site "Chess.com"]
[Date "2020.01.07"]
[Round "3"]
[White "korbul"]
[Black "BIG_Pirate"]
[Result "1/2-1/2"]
[WhiteElo "2651"]
[BlackElo "2417"]
[TimeControl "180+2"]
[EndTime "9:38:34 PST"]
[Termination "Game drawn by repetition"]

1. d4 d5 2. Nf3 c6 3. Bf4 Nf6 4.
e3 Bf5 5. c4 Qb6 6. Qb3 Nbd7 7. h3 e6 8. Nc3 h6 9. c5 Qxb3 10.
axb3 a6 11. b4 Rc8 12. Nd2 Be7 13. Nb3 Bd8 14. Na5 Bxa5 15. bxa5 O-O 16. Bd6 Rfe8 17. Ra4 Ra8 18. Rb4 Ra7 19. f3 e5 20. g4 Bg6 21.
Kd2 exd4 22. exd4 Nf8 23. Be2 Ne6 24. h4 Rc8 25. Ra1 Ne8 26. Bg3 N8c7 27. h5 Bh7 28. Bf1 Nb5 29. Nxb5 axb5 30. Bf2 Rca8 31. Rb3 Rxa5 32.
Rba3 Rxa3 33. Rxa3 Rxa3 34. bxa3 Kf8 35. Kc3 Ke7 36. Kb4 Kd7 37. Ka5 Kc7 38. Be3 Bc2 39.
Be2 Bb3 40. f4 Bc2 41. f5 Ng5 42. Bf4+ Kc8 43. Kb6 Ne4 44. Bf3 Nc3 45. Bd6 Bd1 46. Bxd1 Nxd1 47. Bf8 Ne3 48. f6 gxf6 49. Bxh6 Nxg4 50.
Bf4 f5 51. h6 Nf6 52. Be5 Nh7 53. Ka7 Ng5 54. Kb6 Nh7 55. Bf4 Nf6 56. Ka7 Nh7 57.
Kb6 Nf6 1/2-1/2

[Event "*** Titled Tuesday Blitz AM"]
[Site "Chess.com"]
[Date "2020.01.07"]
[Round "3"]
[White "MiroVlasenko"]
[Black "Fandorine"]
[Result "0-1"]
[WhiteElo "2704"]
[BlackElo "2903"]
[TimeControl "180+2"]
[EndTime "9:38:40 PST"]
[Termination "Fandorine won by resignation"]

1. d4 Nf6 2. Bg5 g6 3. Bxf6 exf6 4. g3 d5 5. Bg2 c6 6. e3 Bd6 7. Ne2 O-O 8. Nd2 Nd7 9. c4 dxc4 10. Nxc4 Bb4+ 11.
Nc3 Nb6 12. Nxb6 Qxb6 13. O-O Be6 14. d5 Bxc3 15. dxe6 Qxb2 16. exf7+ Rxf7 17. Qd3 Qd2 18. Rad1 Qxd3 19. Rxd3 Ba5 20. Rb1 Rd8 21. Rdb3 Bb6 22. a4 Rdd7 23. Bh3 f5 24. Bf1 Kg7 25. Ra1 Ba5 26.
Rab1 c5 27. Bc4 Rfe7 28. R3b2 b6 29. h4 Re4 30. Bb5 Rd6 31. Kg2 Kf6 32. Rc2 Bb4 33. Kf3 Re5 34. Rg1 Red5 35. g4 Rd1 36. Rxd1 Rxd1 37. gxf5 gxf5 38. Rc4 Rd6 39. Ba6 Ke5 40. Rf4 Rd8 41. Bb5 Bc3 42. Ke2 Rd2+ 43. Kf3 Kf6 44.
Ba6 Be5 45. Rc4 Rd1 46. Rc2 Rh1 47. Rc4 h5 48. Bc8 Rg1 49. a5 Rg4 50. Ba6 Rxc4 51. Bxc4 bxa5 52. Ke2 a4 53. f4 Bb2 54. Kd3 Bc1 55.
Ba2 a3 56. Bc4 Kg6 57. Ba2 Bb2 58.
Bc4 Bf6 0-1

[Event "*** Titled Tuesday Blitz AM"]
[Site "Chess.com"]
[Date "2020.01.07"]
[Round "3"]
[White "GMBenjaminBok"]
[Black "Rikikits"]
[Result "0-1"]
[WhiteElo "2863"]
[BlackElo "2719"]
[TimeControl "180+2"]
[EndTime "9:38:41 PST"]
[Termination "Rikikits won by resignation"]

1. Nf3 f5 2. g3 Nf6 3. Bg2 g6 4.
O-O Bg7 5. d4 O-O 6. c4 d6 7. b3 Nc6 8. Bb2 Ne4 9. Nbd2 Nxd2 10.
Qxd2 e5 11. dxe5 dxe5 12. Qd5+ Kh8 13. Qxd8 Rxd8 14. Ng5 Re8 15. Bxc6 bxc6 16. Rfd1 h6 17. Nf3 a5 18. Rd2 a4 19. Rad1 axb3 20. axb3 Bf6 21. Nxe5 Rxe5 22. Rd8+ Kg7 23. Bxe5 Bxe5 24. R1d7+ Bxd7 25. Rxa8 c5 26. f3 f4 27. Kf2 g5 28. Rd8 Be6 29.
gxf4 gxf4 30. Re8 Kf7 31. Rd8 Ke7 32. Ra8 h5 33. Rb8 h4 34. Ra8 h3 35. Rb8 Bd4+ 36.
Kf1 Bf5 37. Ra8 Bc2 38. Rb8 Be3 39. Rb7 Kd6 40. Rb8 Kc6 41. Rb5 Bd2 42. Kf2 Bb4 43. e4 Bxb3 44. Rb8 Bxc4 45. Rh8 Be6 46. Rf8 Bd2 47.
Rd8 Be3+ 48. Kf1 Kb5 49. Ke2 Kc4 50. Re8 Bd7 51. Re7 Bb5 52. Rxc7 Kc3+ 53. Ke1 Kd4 54. Rh7 c4 55. Rh5 c3 56. Rxb5 c2 57. Rd5+ Kc4 58.
Rd1 cxd1=Q+ 59. Kxd1 Bg1 60. Ke2 Bxh2 0-1

[Event "*** Titled Tuesday Blitz AM"]
[Site "Chess.com"]
[Date "2020.01.07"]
[Round "3"]
[White "Orest_Vovk"]
[Black "LiamVrolijk"]
[Result "0-1"]
[WhiteElo "2416"]
[BlackElo "2805"]
[TimeControl "180+2"]
[EndTime "9:38:52 PST"]
[Termination "LiamVrolijk won by resignation"]

1. g4 d5 2. Bg2 c6 3. h3 e5 4. d4 e4 5. c4 h5 6. Nc3 hxg4 7.
cxd5 cxd5 8. Qb3 Nc6 9. Qxd5 Qxd5 10. Nxd5 Nxd4 11. Bxe4 Bd6 12. Be3 Nc6 13. hxg4 Rxh1 14.
Bxh1 Bxg4 15. Rd1 Rd8 16. Nf3 Nge7 17. Nxe7 Kxe7 18. Kf1 f6 19. Nd4 Nxd4 20. Rxd4 Bc8 21. Re4+ Kf8 22. Bxa7 Be5 23. Rh4 Kf7 24. Be4 Bxb2 25.
Bd3 Be5 26. Rb4 Rd7 27. Kg2 Rc7 28. Be4 Bd6 29. Rb3 Be6 30. Rxb7 Bxa2 31. Rxc7+ Bxc7 32. Be3 g6 33. Ba7 Bc4 34. e3 f5 35. Bf3 g5 36.
Bd4 g4 37. Bb7 Kg6 38. Bc6 Bd3 39. Bc5 Bd8 40. Bd4 Kg5 41. Be5 Kg6 42. Be8+ Kh6 43. Kg3 Be4 44. Bf4+ Kg7 45. Be5+ Kf8 46. Bg6 Ke7 47.
Kf4 Ke6 48. Bb8 Bh4 49. Bh7 Bxf2 50. Bg8+ Kf6 51. Be5+ Kg6 52. Bc4 g3 53. Bf1 g2 54.
Bxg2 Bxg2 55. Bd4 Be4 56. Ba7 Bh4 57. Bd4 Be7 58. Kg3 Kg5 59. Bb6 Bc2 60. Kf3 Bd1+ 61.
Kg3 Bd6+ 62. Kf2 Kg4 63. Ke1 Bc2 64. Kf2 Be4 65. Ba7 Bg3+ 66. Ke2 Kh3 67. Bb6 Kg2 68. Ba7 Bc7 69. Bc5 Bc6 70. Bd4 Bb5+ 71. Kd2 Kf3 72. Ba7 Ke4 73. Ke1 Bg3+ 74. Kd2 Bf2 75.
Bb6 f4 76. exf4 Bxb6 77. Kc3 Bc5 78. f5 Kxf5 79. Kb3 Ke4 80. Kc3 Ke3 81. Kb3 Kd3 82.
Kb2 Ba4 83. Ka2 Kc2 84. Ka1 Bb4 85. Ka2 Bb3+ 0-1

[Event "*** Titled Tuesday Blitz AM"]
[Site "Chess.com"]
[Date "2020.01.07"]
[Round "3"]
[White "Vuk2000"]
[Black "boasovietica"]
[Result "1-0"]
[WhiteElo "2697"]
[BlackElo "2440"]
[TimeControl "180+2"]
[EndTime "9:38:54 PST"]
[Termination "Vuk2000 won by resignation"]

1. d4 Nf6 2. Bg5 e6 3. e4 c5 4.
d5 e5 5. Nc3 d6 6. g3 Be7 7. h4 O-O 8. Bg2 b5 9. Nxb5 Qb6 10. c4 a6 11. Nc3 Qxb2 12. Nge2 Qb7 13. O-O Nbd7 14. Qc1 Rd8 15. Rb1 Qc7 16. Na4 Nf8 17.
Bd2 Rb8 18. Ba5 Rxb1 19. Bxc7 Rxc1 20. Nxc1 Rd7 21. Ba5 Rb7 22. Nb6 Bd7 23. Nd3 Be8 24. Nc8 Ng6 25. Nxe7+ Nxe7 26. f4 Nd7 27. Bh3 f6 28.
Be6+ Kh8 29. Bd8 Nf8 30. f5 Ng8 31. Ba5 Ba4 32. Rc1 Nd7 33. Kf2 Nh6 34. Kf3 g6 35. g4 Kg7 36. g5 Nf7 37. Bxf7 Kxf7 38. Bc3 Kg7 39. Nf2 Kf7 40. Ng4 Kg7 41. Rg1 Bc2 42. Ne3 Ba4 43. gxf6+ Nxf6 44. fxg6 hxg6 45. Nf5+ Kh7 46.
Nxd6 Rd7 47. Nc8 Bc2 48. Bxe5 Nxe4 49. Ke3 Rf7 50. Rc1 Rf2 51. Nb6 Rd2 52. Rxc2 Rxc2 53.
Kxe4 Rxa2 54. d6 Kg8 55. d7 Rd2 56. Bf6 1-0

[Event "*** Titled Tuesday Blitz AM"]
[Site "Chess.com"]
[Date "2020.01.07"]
[Round "3"]
[White "DrVelja"]
[Black "Lunaticx"]
[Result "1-0"]
[WhiteElo "2713"]
[BlackElo "2839"]
[TimeControl "180+2"]
[EndTime "9:38:57 PST"]
[Termination "DrVelja won by resignation"]

1. e4 c5 2. Nf3 d6 3. d4 cxd4 4. Nxd4 Nf6 5. Nc3 a6 6. Bd3 g6 7. f3 Bg7 8. Be3 O-O 9. Qd2 Nc6 10. O-O-O d5 11. h4 dxe4 12. Nxc6 bxc6 13. Nxe4 Be6 14. h5 Rb8 15. c3 Qa5 16. Nxf6+ Bxf6 17. hxg6 fxg6 18.
Qc2 Rxb2 19. Qxb2 Bxc3 20. Qb6 Qxa2 21. Bd4 Qa1+ 22. Kc2 Bxd4 23. Rxa1 Bxb6 24. Rxa6 Bd4 25. Rxc6 Bf7 26. Bc4 Bf6 27. Bxf7+ Rxf7 28. Kd3 Kg7 29.
Ke4 Rf8 30. Rhc1 Ra8 31. f4 Ra4+ 32. R6c4 Ra2 33. R1c2 Ra3 34. Rc5 h5 35. Rd5 Ra4+ 36. Ke3 Ra3+ 37. Rd3 Ra4 38. Kf3 Ra1 39. Re2 Rf1+ 40.
Rf2 Re1 41. Re3 Ra1 42. g3 Bd4 43. Rxe7+ Kf6 44. Rfe2 Ra3+ 45. Kg2 Kf5 46. R7e4 Rd3 47. Re6 Ra3 48. Rd6 Ra4 49. Rd5+ Kf6 50. Rb5 Ra3 51. Rc2 Bc3 52. Rc5 Bd4 53. Rd5 Be3 54. Rc6+ Kg7 55. Rd7+ Kh6 56. Rdd6 1-0

[Event "*** Titled Tuesday Blitz AM"]
[Site "Chess.com"]
[Date "2020.01.07"]
[Round "3"]
[White "enzovsky"]
[Black "Talcrifice"]
[Result "1-0"]
[WhiteElo "2217"]
[BlackElo "2467"]
[TimeControl "180+2"]
[EndTime "9:39:01 PST"]
[Termination "enzovsky won on time"]

1. e4 e5 2. Nf3 Nc6 3. d4 exd4 4. Nxd4 Nf6 5. Nxc6 bxc6 6. e5 Qe7 7. Qe2 Nd5 8.
c4 Nb6 9. Nc3 Qe6 10. Qe4 d5 11. exd6 cxd6 12. Bd3 f5 13. Qxe6+ Bxe6 14. b3 g6 15. Bb2 Bg7 16. O-O-O O-O-O 17. Rhe1 Rhe8 18. Be2 Kc7 19. Bf3 Bf7 20. Kc2 Rxe1 21. Rxe1 Re8 22. Rxe8 Bxe8 23. Ne2 Be5 24. g3 Nd7 25. Nd4 Bxd4 26.
Bxd4 c5 27. Bc3 Ne5 28. Be2 Bc6 29. h3 Be4+ 30. Kd2 Kd7 31. f4 Nc6 32. a3 Ke6 33. b4 Nd4 34. Bxd4 cxd4 35. Bd3 Bg2 36. h4 h5 37. a4 Kd7 38. Be2 Be4 39. Bd3 Kc6 40. Kc2 a5 41. b5+ Kc5 42. Kd2 Bb7 43. Ke2 Kb4 44. Bc2 Kxc4 45. Kd2 Kc5 46. Bb3 d5 47. Kd3 Kb4 48. Bd1 Kc5 49. Bb3 Bc8 50. Bc2 Bd7 51.
Bb3 Bc8 52. Kd2 Kb4 53. Bxd5 Kxa4 54. b6 Kb4 55. b7 Bxb7 56. Bxb7 a4 57. Kd3 a3 58.
Bd5 Kc5 59. Ba2 1-0

[Event "*** Titled Tuesday Blitz AM"]
[Site "Chess.com"]
[Date "2020.01.07"]
[Round "3"]
[White "Oligan22"]
[Black "DishonorOnYourCow"]
[Result "1-0"]
[WhiteElo "2485"]
[BlackElo "2207"]
[TimeControl "180+2"]
[EndTime "9:39:02 PST"]
[Termination "Oligan22 won by resignation"]

1. e4 e5 2. Nf3 Nc6 3. Nc3 Nf6 4. Be2 Bb4 5. Nd5 Bc5 6. d3 h6 7. Be3 Bxe3 8. fxe3 d6 9. c4 Be6 10. O-O Ne7 11. Nxf6+ gxf6 12. Nh4 Qd7 13. Rxf6 O-O-O 14. Bh5 Rdf8 15. Qe2 Qd8 16. Rf2 Nc6 17. g3 Rhg8 18. Kh1 Qg5 19. Raf1 Bh3 20. Ng2 Nd8 21. Bxf7 Nxf7 22.
Rxf7 Rxf7 23. Rxf7 Qg6 24. Qf2 a5 25. Rf8+ Rxf8 26.
Qxf8+ Kd7 27. Nh4 Qg4 28. Qf5+ Kc6 29. Qxg4 Bxg4 30. d4 b5 31. cxb5+ Kxb5 32. Kg2 Kc4 33.
dxe5 dxe5 34. h3 Bc8 35. Ng6 Kd3 36. Kf3 Kc2 37. Nxe5 Kxb2 38. Nc4+ Kxa2 39. Nxa5 Bxh3 40.
g4 Bf1 41. Nc6 Bb5 42. Nd4 Bd7 43. e5 c5 44. e6 Bc8 45. e7 Bd7 46. Ne2 c4 47. Ke4 Kb3 48. Kd4 Be8 49. Nc3 Bd7 50. e4 Be8 51. e5 Bd7 52. Nd5 Be8 53. e6 Bc6 54. Nc3 Be8 55. Ne4 Bc6 56. Kc5 Be8 57.
Kd6 c3 58. Nxc3 Kxc3 59. Kc7 Kd4 60. Kd8 Bc6 61. e8=Q Bxe8 62. Kxe8 Ke5 63. Kf7 Kf4 64. Kg6 1-0

[Event "*** Titled Tuesday Blitz AM"]
[Site "Chess.com"]
[Date "2020.01.07"]
[Round "3"]
[White "VladDobrov"]
[Black "vinniethepooh"]
[Result "1-0"]
[WhiteElo "2821"]
[BlackElo "2605"]
[TimeControl "180+2"]
[EndTime "9:39:04 PST"]
[Termination "VladDobrov won on time"]

1. d4 d5 2. c4 c6 3. Nc3 Nf6 4. e3 e6 5. Nf3 Nbd7 6. Qc2 b6 7.
Bd3 Bb7 8. O-O Be7 9. Rd1 O-O 10. cxd5 cxd5 11. Qe2 h6 12. Bd2 Rc8 13. Rdc1 Rc7 14. Nb5 Rxc1+ 15. Rxc1 Qb8 16. Ne5 a6 17. Nxd7 Nxd7 18.
Nc3 b5 19. a4 b4 20. Na2 a5 21. Bb5 Nf6 22. f3 Rc8 23. Rxc8+ Qxc8 24. Qd3 Bd6 25. Nc1 Qc7 26. h3 e5 27. Nb3 e4 28. fxe4 Nxe4 29.
Be1 Bh2+ 30. Kf1 Bg3 31. Qe2 Bxe1 32. Kxe1 Qg3+ 33. Kd1 Nf2+ 34. Kc2 Qxg2 35. Nxa5 Bc8 36. Nc6 Bxh3 37. a5 Bg4 38. Qd2 Bd1+ 39. Qxd1 Nxd1+ 40. Kxd1 Qxb2 41. a6 b3 42. a7 Qa1+ 43. Kd2 b2 44. Bd3 Qa4 45. Ne7+ Kf8 46. Nc8 Qc6 47.
Nb6 Qxb6 48. a8=Q+ Ke7 49. Qa3+ Kf6 50. Bb1 h5 51. Qd3 g6 52. Qf1+ Kg7 53. Qf4 Qb4+ 54. Kc2 Qb5 55. Qe5+ Kg8 56. Qf4 Qe2+ 57. Kc3 1-0

[Event "*** Titled Tuesday Blitz AM"]
[Site "Chess.com"]
[Date "2020.01.07"]
[Round "3"]
[White "David_Paravyan"]
[Black "SavelijTartakover"]
[Result "1-0"]
[WhiteElo "2870"]
[BlackElo "2700"]
[TimeControl "180+2"]
[EndTime "9:39:05 PST"]
[Termination "David_Paravyan won by resignation"]

1. e4 e6 2. d4 d5 3. Nc3 Nf6 4. Bg5 dxe4 5. Nxe4 Nbd7 6. Nf3 Be7 7. Nxf6+ Bxf6 8. Bxf6 Nxf6 9. Qd3 O-O 10. O-O-O b6 11. h4 Bb7 12. Ne5 c5 13. dxc5 Qc7 14. Qd6 Qxc5 15. Qxc5 bxc5 16. Rh3 Ne4 17. Rb3 Bc8 18.
Re3 Nf6 19. Rc3 Ne4 20. Re3 Nf6 21. Nd3 Nd5 22. Re4 Ba6 23. Nxc5 Bxf1 24. Rxf1 Rfc8 25.
Na6 Kf8 26. Rd1 h5 27. a3 g6 28. g3 Kg7 29. Kb1 Rd8 30. Red4 Rdc8 31. c4 Nf6 32. b3 Ng4 33. R4d2 Ne5 34. Kb2 Rc6 35. Rd6 Rac8 36. Rxc6 Rxc6 37. Nb4 Rc7 38. Kc3 Ng4 39. Rd2 a5 40. Nc2 e5 41. Ne3 Nf6 42.
f3 e4 43. Nd5 Nxd5+ 44. Rxd5 exf3 45. Rd3 Kf6 46. Rxf3+ Ke5 47. b4 Ke4 48. Rf6 axb4+ 49. axb4 Ke5 50. Ra6 Kf5 51. c5 Kg4 52. Kc4 Kxg3 53. b5 Kxh4 54. b6 Re7 55. c6 Re1 56.
b7 Rb1 57. c7 1-0

[Event "*** Titled Tuesday Blitz AM"]
[Site "Chess.com"]
[Date "2020.01.07"]
[Round "3"]
[White "Shivagami"]
[Black "SlavenPastar"]
[Result "0-1"]
[WhiteElo "2145"]
[BlackElo "2551"]
[TimeControl "180+2"]
[EndTime "9:39:05 PST"]
[Termination "SlavenPastar won by resignation"]

1. d4 d5 2. Bf4 Nf6 3. e3 c5 4. c3 Nc6 5. Nd2 cxd4 6. exd4 Bf5 7.
Ngf3 e6 8. Qb3 Qc8 9. Ne5 a6 10. Ndf3 Bd6 11. Bg3 Qc7 12. Bd3 Bxd3 13. Nxd3 Ne4 14.
O-O O-O 15. Bxd6 Nxd6 16. Qc2 Ne4 17. Nd2 Nxd4 18. Qd1 Nxd2 19. Qxd2 Nf5 20. Rfe1 b5 21. Ne5 Rac8 22. Qd3 Nd6 23. Re3 Ne4 24. Ng4 Qf4 25.
f3 Nc5 26. Qe2 Qc4 27. Qd2 Qf4 28. Qe2 h5 29. Nf2 Rb8 30. Nh3 Qf6 31. Re5 g6 32.
Re1 b4 33. c4 Nd7 34. Rg5 Qd4+ 35. Kh1 Qxc4 36. Qd2 Kg7 37. Nf4 Rfe8 38. Nxh5+ Kf8 39. Nf4 Rbc8 40. Rd1 Qc2 41. Qd4 e5 42. Qxd5 exf4 43.
Qxd7 Rcd8 44. Qxd8 Rxd8 45. Rxd8+ Ke7 46. Rgd5 Qc1+ 47.
Rd1 Qxb2 48. R8d7+ Kf6 49. R7d6+ Kg7 50. Rxa6 Qe2 51.
Rad6 Qxa2 52. h4 b3 53. R6d2 b2 54. h5 b1=Q 0-1

[Event "*** Titled Tuesday Blitz AM"]
[Site "Chess.com"]
[Date "2020.01.07"]
[Round "3"]
[White "vova-79"]
[Black "GMKrikor"]
[Result "1/2-1/2"]
[WhiteElo "2615"]
[BlackElo "2876"]
[TimeControl "180+2"]
[EndTime "9:39:06 PST"]
[Termination "Game drawn by repetition"]

1. d4 Nf6 2. c4 e6 3. Nc3 Bb4 4. e3 O-O 5. Ne2 d5 6. a3 Be7 7.
cxd5 exd5 8. Nf4 c6 9. Bd3 Nbd7 10. O-O Re8 11. f3 Nf8 12. b4 Ng6 13. Nfe2 a5 14. Rb1 axb4 15. axb4 Bd6 16. Kh1 Nh5 17. Qe1 f5 18. Qf2 f4 19. Bxg6 fxe3 20. Bxh7+ Kxh7 21. Bxe3 Qe7 22. Bd2 Bxb4 23. Rxb4 Qxb4 24. Qh4 Rxe2 25. Qxh5+ Kg8 26. Nxe2 Qxd2 27. Qe8+ Kh7 28. Ng3 Qf4 29. Qh5+ Kg8 30. Qe8+ Qf8 31. Qe5 Bd7 32. Qc7 Qc8 33.
Qe5 Qe8 34. Qc7 b5 35. Nh5 Rc8 36. Qd6 Qxh5 37. Qxd7 Qe8 38. Qd6 Rd8 39. Qc5 Qe2 40.
Rc1 Rc8 41. h3 Qe3 42. Ra1 Kh7 43. Ra7 Re8 44. Ra1 Re6 45. Qf8 Qg5 46. Rg1 Rf6 47. Qc8 Qf4 48. Qe8 Qxd4 49. Qh5+ Kg8 50. Qe8+ Kh7 51.
Qh5+ Rh6 52. Qf5+ Kg8 53. Qc8+ Kf7 54. Qd7+ Kg8 55. Qc8+ Kh7 56. Qf5+ Rg6 57. Qh5+ Rh6 58. Qf5+ 1/2-1/2

[Event "*** Titled Tuesday Blitz AM"]
[Site "Chess.com"]
[Date "2020.01.07"]
[Round "3"]
[White "Rainbow2014"]
[Black "AquivaRubinstein"]
[Result "0-1"]
[WhiteElo "2258"]
[BlackElo "2440"]
[TimeControl "180+2"]
[EndTime "9:39:07 PST"]
[Termination "AquivaRubinstein won by resignation"]

1. e4 c5 2. Nf3 d6 3. d4 Nf6 4. Nc3 cxd4 5. Nxd4 a6 6. Be2 e5 7. Nb3 Be7 8. O-O O-O 9. Be3 Be6 10. Qd3 Nc6 11. a3 Qc7 12. Rad1 Rac8 13. Nd5 Bxd5 14. exd5 Nb8 15. c4 Nbd7 16. Bf3 b6 17. Nd2 Nc5 18. Qb1 a5 19. b4 axb4 20. axb4 Ncd7 21. Rc1 Ra8 22. Rfd1 Ra4 23. Ne4 Nxe4 24. Bxe4 g6 25. Bc2 Ra3 26. Rd3 Ra7 27. Bh6 Rfa8 28. Rh3 Nf6 29.
Bd3 Ng4 30. Bd2 Ra2 31. Be1 Bg5 32. Rd1 b5 33. Rg3 h5 34. c5 Bf4 35. Rf3 Bxh2+ 36.
Kh1 dxc5 37. Bxg6 fxg6 38. Qxg6+ Qg7 39. Qe6+ Kh8 40. bxc5 Rf8 41. d6 Rxf3 42. d7 Rf8 43.
d8=Q Rxd8 44. Rxd8+ Kh7 45. Rd7 Re2 46. Rxg7+ Kxg7 47. Qe7+ Kg6 48. Qd6+ Kg7 49. Qd7+ Kh6 50. Bd2+ Bf4 51. Bxf4+ exf4 52. Qd6+ Kg7 53. Qd4+ Kh6 54. Qxf4+ Kg7 55. g3 Rxf2 56. Qg5+ Kf8 57. Qxh5 Rh2+ 58.
Qxh2 Nxh2 59. Kxh2 b4 60. c6 Ke7 61. g4 b3 62. g5 b2 63. c7 Kd7 64. g6 b1=Q 65. g7 Qh7+ 0-1

[Event "*** Titled Tuesday Blitz AM"]
[Site "Chess.com"]
[Date "2020.01.07"]
[Round "3"]
[White "cancrushyou"]
[Black "LLRChess"]
[Result "1/2-1/2"]
[WhiteElo "2458"]
[BlackElo "2305"]
[TimeControl "180+2"]
[EndTime "9:39:08 PST"]
[Termination "Game drawn - insufficient material"]

1. d4 Nf6 2. Nf3 g6 3. Nc3 d5 4. Bf4 Bg7 5. e3 a6 6. Ne5 Nh5 7. Nd3 Nxf4 8. Nxf4 c6 9. h4 e5 10. dxe5 Bxe5 11. Bd3 Nd7 12. h5 Nc5 13. hxg6 hxg6 14. Rxh8+ Bxh8 15. Qd2 Nxd3+ 16. cxd3 d4 17. Ne4 dxe3 18.
Qxe3 Qa5+ 19. Kf1 Kf8 20. Nd6 Qe5 21. Nc4 Qxe3 22. fxe3 b5 23. Nb6 Rb8 24. Nxc8 Rxc8 25. Rb1 c5 26. b3 Ke7 27. Ke2 Kd6 28. Rc1 Rc7 29. Kf3 a5 30. g4 Ra7 31. a4 bxa4 32.
bxa4 Rb7 33. Rc4 Rb4 34. Ke4 Rb1 35. Ne2 Re1 36. Nf4 Rg1 37. Kf3 Be5 38. Ne2 Rf1+ 39. Ke4 Rf2 40. Nf4 Rd2 41. d4 cxd4 42. exd4 Bxf4 43.
Kxf4 Rb2 44. Rc5 Rb4 45. Rxa5 Rxd4+ 46. Kg5 f6+ 47. Kxg6 Rxg4+ 48. Kxf6 Kc6 49. Kf5 Kb6 50. Ra8 Rb4 51. Ke5 Kb7 52. Ra5 Kb6 53. Ra8 Kb7 54. Ra5 Kb6 55. Rb5+ Rxb5+ 56. axb5 Kxb5 1/2-1/2

[Event "*** Titled Tuesday Blitz AM"]
[Site "Chess.com"]
[Date "2020.01.07"]
[Round "3"]
[White "albano87"]
[Black "cholzan"]
[Result "0-1"]
[WhiteElo "2059"]
[BlackElo "2531"]
[TimeControl "180+2"]
[EndTime "9:39:10 PST"]
[Termination "cholzan won by resignation"]

1. d4 e6 2. Nf3 f5 3. g3 Nf6 4. Bg2 Be7 5. O-O d6 6. c4 O-O 7. Nc3 Qe8 8. Bg5 Qg6 9. Qc2 Nc6 10. d5 Nb4 11. Qb3 Na6 12. dxe6 Nc5 13. Qc2 Bxe6 14. b3 Nce4 15. Nd4 Bd7 16. Bxf6 Bxf6 17. Nxe4 Bxd4 18.
Nc3 Bc6 19. Nd5 Qf7 20. Rad1 Bb6 21. b4 Rae8 22. b5 Bd7 23. Nxb6 axb6 24. Bxb7 Be6 25. Rc1 f4 26. Bf3 Kh8 27. Rfd1 Bf5 28. Qc3 Be4 29.
Rd4 fxg3 30. hxg3 Bxf3 31. Rf4 Qxf4 32. gxf4 Bxe2 33. Re1 Rxf4 34. f3 Rf5 35. Kf2 Rfe5 36. a4 h6 37. Rg1 Rf8 38. Rg3 Rf7 39. Qd4 Rfe7 40. a5 bxa5 41. c5 Rxc5 42. Rh3 Rce5 43.
f4 R5e6 44. b6 cxb6 45. Qxb6 Bg4 46. Rg3 Re2+ 47. Kg1 Re1+ 48. Kh2 R7e2+ 49. Rg2 Rxg2+ 50. Kxg2 Re6 51. Qxa5 Rf6 52. Kg3 Bf5 53. Qd8+ Kh7 54. Qe7 d5 55. Qe4 dxe4 0-1